 Dungeon Crawl Stone Soup version 0.17-a0-848-g7e5c6af (webtiles) character file.

2444 Zwobot the Fighter (level 9, 85/85 HPs)
             Began as a Centaur Arcane Marksman on Apr 27, 2015.
             Was a Believer of Ashenzari.
             Quit the game on level 9 of the Dungeon.
             The game lasted 00:36:25 (10252 turns).

Zwobot the Fighter (Centaur Arcane Marksman)       Turns: 10252, Time: 00:36:25

Health: 85/85      AC:  5    Str: 21    XL:     9   Next: 25%
Magic:  9/10       EV:  9    Int: 15    God:    Ashenzari [**....]
Gold:   234        SH:  3    Dex:  8    Spells: 1 memorised, 9 levels left

rFire  . . .     SeeInvis .     b - +0 hand crossbow
rCold  . . .     Clarity  .     N - +1 robe {MR+}
rNeg   . . .     SustAb   .     l - +0 buckler (curse)
rPois  +         Gourm    .     (no helmet)
rElec  .         Spirit   .     (no cloak)
rCorr  .         Warding  .     (no gloves)
rMut   .         Stasis   .     (no barding)
MR     +....                    (no amulet)
Stlth  +.........               m - ring of poison resistance
                                k - +6 ring of strength

@: very quick, somewhat resistant to hostile enchantments, very unstealthy
A: hooves 3, deformed body, speed 2, tough skin 3
a: Scrying, Renounce Religion


You were on level 9 of the Dungeon.
You worshipped Ashenzari.
Ashenzari was pleased with you.
You were hungry.

You visited 1 branch of the dungeon, and saw 9 of its levels.

You collected 312 gold pieces.
You spent 78 gold pieces at shops.

Inventory:

Hand weapons
 a - a +3 flail
 b - a +0 hand crossbow (weapon)
 H - a +0 morningstar of holy wrath
 I - a +0 flail
 M - a +0 flail
 V - a +1 short sword of venom
 Z - a +1 flail of protection
Missiles
 c - 23 bolts (quivered)
 n - 296 stones
 o - 33 poisoned needles
 B - 3 tomahawks
Armour
 h - a +0 robe
 l - a cursed +0 buckler (worn)
 p - a +0 leather armour of fire resistance
 v - a +0 leather armour
 G - a +2 robe
 J - a +0 chain mail
 N - a +1 robe of magic resistance (worn)
Jewellery
 k - a +6 ring of strength (left hand)
 m - a ring of poison resistance (right hand)
 U - a +2 ring of intelligence
 W - an uncursed ring of flight
Magical devices
 C - a wand of frost (27)
 E - a wand of lightning (0)
 F - a wand of paralysis (0)
 Q - a wand of confusion (20)
Scrolls
 i - 7 scrolls of curse armour
 t - a scroll of recharging {unknown}
 w - 3 scrolls of teleportation
 y - a scroll of remove curse
 A - a scroll of blinking
 D - 2 scrolls of enchant armour
 K - 3 scrolls of curse weapon
 R - a scroll of curse jewellery
 X - 2 scrolls of magic mapping {unknown}
Potions
 f - a potion of poison {unknown}
 g - a potion of ambrosia
 j - a potion of flight
 s - 2 potions of mutation
 u - a potion of brilliance
 x - 2 potions of restore abilities
 z - 2 potions of curing
 L - a potion of magic
 S - a potion of heal wounds
Books
 e - a book of Debilitation

   Spells                             Type                      Level
   a - Corona                         Hexes                        1
   b - Slow                           Hexes                        2
   c - Gell's Gravitas                Hexes/Translocation          3
   d - Inner Flame                    Hexes/Fire                   3
   e - Cause Fear                     Hexes                        4
   f - Leda's Liquefaction            Hexes/Earth                  4
 r - a book of Flames

   Spells                             Type                      Level
   a - Flame Tongue                   Conjuration/Fire             1
   b - Throw Flame                    Conjuration/Fire             2
   c - Conjure Flame                  Conjuration/Fire             3
   d - Inner Flame                    Hexes/Fire                   3
   e - Sticky Flame                   Conjuration/Fire             4
   f - Fireball                       Conjuration/Fire             5
 O - a book of Fire

   Spells                             Type                      Level
   a - Ignite Poison                  Fire/Transmutation/Poison    3
   b - Fireball                       Conjuration/Fire             5
   c - Bolt of Fire                   Conjuration/Fire             6
   d - Delayed Fireball               Conjuration/Fire             7
   e - Ring of Flames                 Charms/Fire                  7
 T - a book of Dreams

   Spells                             Type                      Level
   a - Ensorcelled Hibernation        Hexes/Ice                    2
   b - Flight                         Charms/Air                   3
   c - Phase Shift                    Translocation                5
   d - Shadow Creatures               Summoning                    5
   e - Mass Confusion                 Hexes                        6
   f - Darkness                       Hexes                        7
Comestibles
 d - 6 bread rations
 q - 2 beef jerkies
 Y - a meat ration


   Skills:
 - Level 10.0 Fighting
 - Level 5.6 Maces & Flails
 - Level 4.0 Crossbows
 - Level 1.4 Dodging
 + Level 1.4 Shields
 - Level 1.0 Spellcasting
 - Level 2.8 Hexes


You had 9 spell levels left.
You knew the following spells:

 Your Spells              Type           Power        Failure   Level  Hunger
a - Corona                Hex            #......      12%         1    ##.....


Dungeon Overview and Level Annotations

Branches:
Dungeon (9/15)             Temple (0/1) D:5
   Lair: D:8-11         Orc: D:9-12

Altars:
Ashenzari
Sif Muna
The Shining One

Shops:
D:7 *


Innate Abilities, Weirdness & Mutations

You have hooves in place of feet.
Armour fits poorly on your strangely shaped body.
You cover ground very quickly.
You have extremely tough skin (AC +3).


Message History

You start resting.
You are feeling hungry.
You start resting.
Your magical contamination has completely faded away.
Found 11 poisoned needles.
You now have 234 gold pieces (gained 16).
HP restored.
Found a stone staircase leading down.
Found a scroll of teleportation.
You see here 22 poisoned needles.
o - 22 poisoned needles You feel less protected.
a - a +3 flail (weapon)
b - a +0 hand crossbow (weapon)
a - a +3 flail (weapon)
b - a +0 hand crossbow (weapon)
o - 33 poisoned needles (gained 11) Quiver which item? (- for none, * to show all) (? for menu, Esc to quit)
Okay, then.
Are you sure you want to abandon this character and quit the game? (Confirm with "yes".)

#.......#.#.#
#?#####...#.#.#
#...........#.#
########..###.#####
#..........#
#....#.##.##
##...#..#.#
#..##....##
##..#...@.#
#..#.###.#.
##.........
#..####.###
..######.## .#
..........# .#
...######.# .# #.##
.# #..# .


There were no monsters in sight!

Vanquished Creatures
  Sigmund (D:5)
  A water moccasin (D:5)
  2 ogres (D:7)
  3 sky beasts
  An ice beast (D:6)
  2 phantoms
  4 giant frogs
  3 scorpions
  7 killer bees
  A giant frog zombie (D:5)
  3 orc priests (D:4)
  2 orc wizards (D:4)
  3 hounds
  A worker ant (D:7)
  A centaur skeleton (D:9)
  A giant frog skeleton (D:4)
  2 iguanas
  A killer bee zombie (D:5)
  2 gnolls (D:6)
  8 adders
  A shadow imp (D:6)
  An ooze (D:2)
  5 worms
  23 orcs
  15 bats
  A bat skeleton (D:8)
  2 bat zombies
  7 giant cockroaches
  10 goblins
  9 hobgoblins
  14 jackals
  11 kobolds
  2 quokkas
  3 giant geckos
  A giant gecko skeleton (D:5)
  6 giant newts
  14 rats
174 creatures vanquished.

Notes
Turn   | Place    | Note
--------------------------------------------------------------
     0 | D:1      | Zwobot, the Centaur Arcane Marksman, began the quest for the Orb.
     0 | D:1      | Reached XP level 1. HP: 16/16 MP: 2/2
   505 | D:1      | Reached XP level 2. HP: 23/23 MP: 1/3
   533 | D:1      | Reached skill level 3 in Crossbows
   868 | D:1      | Found a shattered altar of Ashenzari.
  1166 | D:1      | Became a worshipper of Ashenzari the Shackled
  1206 | D:2      | Reached XP level 3. HP: 13/28 MP: 0/4
  1581 | D:2      | Learned a level 3 spell: Inner Flame
  1656 | D:2      | Reached skill level 4 in Crossbows
  1942 | D:2      | Reached XP level 4. HP: 29/36 MP: 2/5
  2017 | D:2      | Found a deep blue altar of Sif Muna.
  3019 | D:4      | Found a glowing golden altar of the Shining One.
  3322 | D:4      | Reached XP level 5. HP: 21/46 MP: 1/6
  4284 | D:4      | Reached skill level 5 in Fighting
  4298 | D:4      | Reached XP level 6. HP: 29/56 MP: 4/7
  4869 | D:4      | Reached skill level 6 in Fighting
  5200 | D:5      | Entered Level 5 of the Dungeon
  5703 | D:5      | Noticed a water moccasin
  5722 | D:5      | Killed a water moccasin
  5722 | D:5      | Reached skill level 7 in Fighting
  5722 | D:5      | Reached XP level 7. HP: 63/66 MP: 8/8
  5950 | D:5      | Noticed Sigmund
  6083 | D:5      | Killed Sigmund
  6162 | D:5      | Reached skill level 8 in Fighting
  6391 | D:5      | Reached XP level 8. HP: 64/75 MP: 2/9
  6601 | D:5      | Found a staircase to the Ecumenical Temple.
  6987 | D:6      | Reached skill level 9 in Fighting
  7981 | D:7      | Reached skill level 10 in Fighting
  8191 | D:7      | Reached skill level 1 in Maces & Flails
  8320 | D:7      | Found Wyrolulull's General Store.
  8324 | D:7      | Bought 2 scrolls of identify for 52 gold pieces
  8324 | D:7      | Bought a scroll of identify for 26 gold pieces
  8910 | D:8      | Reached XP level 9. HP: 12/85 MP: 10/10
  9263 | D:8      | Acquired Ashenzari's first power
  9368 | D:8      | Reached skill level 5 in Maces & Flails
 10079 | D:9      | Reached skill level 1 in Shields
 10252 | D:9      | Quit the game

Action                   |  1- 3 |  4- 6 |  7- 9 || total
-------------------------+-------+-------+-------++-------
Melee: Dagger            |     6 |       |       ||     6
       Short sword       |    91 |    87 |       ||   178
       Mace              |       |   107 |    42 ||   149
       Flail             |       |       |   125 ||   125
       Morningstar       |       |       |    16 ||    16
 Fire: Hand crossbow     |    38 |    62 |    43 ||   143
 Cast: Corona            |    23 |    63 |    72 ||   158
Evoke: Wand              |       |     3 |     8 ||    11
  Use: Scroll            |       |     7 |    11 ||    18
       Potion            |       |       |     3 ||     3
 Stab: Paralysed         |       |     8 |       ||     8
  Eat: Chunk             |     3 |     7 |     9 ||    19
       Bread ration      |       |     2 |       ||     2
       Fruit             |       |       |     2 ||     2
       Beef jerky        |       |       |     1 ||     1
